 Dungeon Crawl Stone Soup version 0.17-a0-146-gd505748 (webtiles) character file.

4771 BluebellGnoll the Covert (level 10, -2/51 HPs)
             Began as a Spriggan Warper on Mar 25, 2015.
             Was a High Priest of Okawaru.
             Killed from afar by a gargoyle (25 damage)
             ... with a stone arrow
             ... on level 10 of the Dungeon.
             The game lasted 01:19:18 (14121 turns).

BluebellGnoll the Covert (Spriggan Warper)         Turns: 14121, Time: 01:19:19

Health: -2/51      AC:  4    Str:  7    XL:     10   Next: 23%
Magic:  24/24      EV: 24    Int: 18    God:    Okawaru [*****.]
Gold:   538        SH:  0    Dex: 16    Spells: 6 memorised, 0 levels left

rFire  . . .     SeeInvis +     o - +1 hunting sling (flame)
rCold  . . .     Clarity  .     e - +2 robe {Archmagi}
rNeg   . . .     SustAb   .     (shield restricted)
rPois  .         Gourm    .     (helmet restricted)
rElec  .         Spirit   .     (no cloak)
rCorr  .         Warding  .     (gloves unavailable)
rMut   .         Stasis   .     (boots unavailable)
MR     +....                    (no amulet)
Stlth  ++++++....               A - ring of wizardry
                                w - ring of flight

@: very quick, somewhat resistant to hostile enchantments, very stealthy
A: unfitting armour, see invisible, herbivore 3, speed 3, slow metabolism 2
a: Heroism, Finesse, Renounce Religion, Evoke Flight


You were on level 10 of the Dungeon.
You worshipped Okawaru.
Okawaru was extremely pleased with you.
You were not hungry.

You visited 1 branch of the dungeon, and saw 10 of its levels.

You collected 538 gold pieces.

Inventory:

Hand weapons
 k - a +5 short sword of draining
 o - a +1 hunting sling of flaming (weapon)
 v - a +2 dagger of venom
Missiles
 m - 23 poisoned needles
 n - 186 stones
 s - 4 tomahawks
 u - a poisoned tomahawk
 x - 19 sling bullets (quivered)
Armour
 e - a +2 robe of the Archmagi (worn)
 I - a +1 robe of resistance
Jewellery
 r - an uncursed amulet of stasis
 w - a ring of flight (left hand)
 A - a ring of wizardry (right hand)
 H - a +1 ring of evasion {unknown}
Magical devices
 y - a wand of polymorph (11)
 B - a wand of lightning (1)
Scrolls
 b - a scroll of enchant armour
 d - 2 scrolls of blinking
 j - 8 scrolls of remove curse
 p - 2 scrolls of fog
 t - 5 scrolls of immolation
 E - a scroll of teleportation
Potions
 a - 3 potions of heal wounds
 g - a potion of poison {unknown}
 h - a potion of mutation
 i - a potion of brilliance
 l - 2 potions of cancellation
 q - 3 potions of curing
 z - 2 potions of restore abilities
 C - 2 potions of haste
Books
 c - a book of Spatial Translocations

   Spells                             Type                      Level
   a - Apportation                    Translocation                1
   b - Blink                          Translocation                2
   c - Shroud of Golubria             Charms/Translocation         2
   d - Portal Projectile              Translocation                3
   e - Teleport Other                 Translocation                3
   f - Passage of Golubria            Translocation                4
 F - a book of Callings

   Spells                             Type                      Level
   a - Summon Small Mammal            Summoning                    1
   b - Call Imp                       Summoning                    2
   c - Call Canine Familiar           Summoning                    3
   d - Summon Guardian Golem          Hexes/Summoning              4
   e - Summon Lightning Spire         Summoning/Air                4
   f - Summon Ice Beast               Ice/Summoning                4
Comestibles
 f - 4 bread rations
 D - a royal jelly


   Skills:
 - Level 4.3 Fighting
 - Level 9.1 Short Blades
 - Level 1.1 Throwing
 - Level 9.4 Dodging
 + Level 13.1 Stealth
 - Level 3.1 Spellcasting
 - Level 4.9 Translocations
 - Level 2.5 Air Magic
 - Level 2.4 Invocations


You couldn't memorise any spells.
You knew the following spells:

 Your Spells              Type           Power        Failure   Level  Hunger
a - Apportation           Tloc           ####......   1%          1    None
b - Blink                 Tloc           N/A          1%          2    ##.....
c - Shroud of Golubria    Chrm/Tloc      ###.......   4%          2    ##.....
d - Teleport Other        Tloc           ####....     4%          3    ###....
e - Portal Projectile     Tloc           ####..       4%          3    ###....
f - Summon Lightning Spi  Summ/Air       ##......     54%         4    ####...


Dungeon Overview and Level Annotations

Branches:
Dungeon (10/15)            Temple (0/1) D:6             Orc (0/4) D:9
   Lair: D:8-11

Altars:
Elyvilon
Okawaru
Ru
Trog

Annotations:
D:3 Natasha
D:5 Menkaure
D:8 exclusion: ice statue, Grum


Innate Abilities, Weirdness & Mutations

You are tiny and cannot use many weapons and most armour.
You have supernaturally acute eyesight.
You are a herbivore.
You cover ground extremely quickly.
You need consume almost no food.


Message History

The sling bullet hits the gargoyle but does no damage.
The gargoyle is lightly damaged.
Firing (i - inventory. (,) - cycle):
x - 21 sling bullets (quivered)
Press: ? - help, Shift-Dir - straight line, f/p - gargoyle
Aim: a gargoyle, wielding a mace (lightly damaged)
You shoot a sling bullet.
The sling bullet hits the gargoyle but does no damage.
The gargoyle is lightly damaged.
The gargoyle hurls a stone arrow at you.
The stone arrow hits you!
Ouch! That really hurt!
You start resting.
Firing (i - inventory. (,) - cycle):
x - 20 sling bullets (quivered)
Press: ? - help, Shift-Dir - straight line, f/p - gargoyle
Aim: a gargoyle, wielding a mace (lightly damaged)
You shoot a sling bullet.
The sling bullet completely misses the gargoyle.
The gargoyle hurls a stone arrow at you.
The stone arrow hits you!
You die...

#......# #.#######
#.#...## #.# #.##.## #.#
##.##.#####.#
#...........#
##.##.####### ####.#
########## #.# #.....9(.#
#<# #@######.# #.# #.#
#.# #.# ##.######.# #.#
#....<.##.#
##.###..###.##9# ######
##...##..###.##(# .....#
#.....(..(.9....#
####(#####..(.###.#...###
.###)(.)((....# #......##


You could see a gargoyle.

Vanquished Creatures
  Erolcha (D:8)
  Pikel (D:6)
  Prince Ribbit (D:6)
  4 yaks (D:7)
  A deep elf mage (D:10)
  A wyvern (D:9)
  2 wolves (D:8)
  A spider (D:5)
  2 slaves (D:6)
  3 orc warriors (D:9)
  2 centaurs
  2 ogres (D:9)
  An eye of draining (D:10)
  A phantom (D:10)
  Duvessa (D:6)
  4 giant frogs
  A big kobold (D:9)
  A scorpion (D:9)
  4 killer bees (D:9)
  4 wights (D:8)
  A goliath beetle (D:6)
  2 hounds
  Dowan (D:6)
  4 crimson imps
  A centaur skeleton (D:6)
  3 orc wizards
  Natasha (twice) (D:3)
  3 orc priests (D:9)
  3 worker ants
  4 iguanas
  Ijyb (D:6)
  A worker ant zombie (D:8)
  5 gnolls
  3 adders
  2 giant mites
  3 shadow imps
  2 worms
  An adder skeleton (D:9)
  32 orcs
  A bat skeleton (D:8)
  A bat zombie (D:7)
  3 giant cockroaches
  12 goblins
  8 hobgoblins
  9 jackals
  6 quokkas
  3 ball pythons (D:4)
  8 bats
  3 giant geckos
  3 giant newts
  3 giant spores
  18 kobolds
  A quokka skeleton (D:6)
  16 rats
  3 ballistomycetes
210 creatures vanquished.

Vanquished Creatures (others)
  A quokka zombie (D:6)
  2 rats (D:6)
3 creatures vanquished.

Grand Total: 213 creatures vanquished

Notes
Turn   | Place    | Note
--------------------------------------------------------------
     0 | D:1      | BluebellGnoll, the Spriggan Warper, began the quest for the Orb.
     0 | D:1      | Reached XP level 1. HP: 10/10 MP: 4/4
    41 | D:1      | Reached skill level 1 in Stealth
   445 | D:1      | Reached XP level 2. HP: 12/14 MP: 7/7
   449 | D:1      | Learned a level 2 spell: Blink
   452 | D:1      | Learned a level 2 spell: Shroud of Golubria
  1549 | D:2      | Found a bloodstained altar of Trog.
  1603 | D:2      | Reached XP level 3. HP: 18/18 MP: 9/9
  2161 | D:2      | Reached skill level 5 in Stealth
  2975 | D:3      | Reached XP level 4. HP: 22/22 MP: 12/12
  3402 | D:3      | Noticed Natasha
  3483 | D:3      | Killed Natasha
  3541 | D:3      | Noticed Natasha
  3648 | D:3      | Killed Natasha
  3893 | D:3      | Noticed Natasha
  3989 | D:3      | Found a sacrificial altar of Ru.
  4161 | D:3      | Noticed a phantom
  4424 | D:4      | Reached XP level 5. HP: 17/25 MP: 14/14
  4541 | D:4      | Learned a level 3 spell: Teleport Other
  5125 | D:5      | Entered Level 5 of the Dungeon
  5250 | D:5      | Noticed Menkaure
  5303 | D:5      | Noticed an ice beast
  5623 | D:5      | Reached skill level 6 in Stealth
  6127 | D:5      | Found an iron altar of Okawaru.
  6265 | D:5      | Reached XP level 6. HP: 24/30 MP: 17/17
  6350 | D:5      | Became a worshipper of Warmaster Okawaru
  6395 | D:5      | Reached skill level 5 in Short Blades
  6510 | D:5      | an ice beast changed into a spider
  6519 | D:5      | Reached skill level 7 in Stealth
  6649 | D:6      | Noticed Duvessa
  6649 | D:6      | Noticed Dowan
  6662 | D:6      | Noticed Ijyb
  6885 | D:6      | Reached skill level 8 in Stealth
  7023 | D:6      | Found a white marble altar of Elyvilon.
  7069 | D:6      | Killed Ijyb
  7122 | D:6      | Noticed Pikel
  7145 | D:6      | Killed Pikel
  7145 | D:6      | Acquired Okawaru's first power
  7145 | D:6      | Reached skill level 10 in Stealth
  7145 | D:6      | Reached XP level 7. HP: 33/33 MP: 17/19
  7177 | D:6      | Killed Dowan
  7193 | D:6      | Killed Duvessa
  7193 | D:6      | Reached XP level 8. HP: 33/37 MP: 20/20
  7238 | D:6      | Learned a level 3 spell: Portal Projectile
  7257 | D:6      | Noticed Prince Ribbit
  7286 | D:6      | Killed Prince Ribbit
  7286 | D:6      | Reached skill level 11 in Stealth
  7499 | D:6      | Found a staircase to the Ecumenical Temple.
  8364 | D:6      | You fall through a shaft for 3 floors!
  8375 | D:9      | Found a staircase to the Orcish Mines.
  9229 | D:8      | Noticed Grum
  9738 | D:7      | Reached skill level 12 in Stealth
  9738 | D:7      | Reached XP level 9. HP: 15/46 MP: 23/23
 11162 | D:8      | Reached skill level 13 in Stealth
 11286 | D:8      | Noticed an ice statue
 11381 | D:8      | Noticed Erolcha
 11386 | D:8      | Killed Erolcha
 12376 | D:9      | Acquired Okawaru's second power
 12482 | D:9      | Reached XP level 10. HP: 51/51 MP: 24/24
 12702 | D:9      | Reached skill level 1 in Invocations
 12788 | D:10     | Entered Level 10 of the Dungeon
 12833 | D:10     | Learned a level 4 spell: Summon Lightning Spire
 13506 | D:10     | Reached skill level 1 in Air Magic
 13542 | D:10     | Received a gift from Okawaru
 14121 | D:10     | Killed from afar by a gargoyle

Action                   |  1- 3 |  4- 6 |  7- 9 | 10-12 || total
-------------------------+-------+-------+-------+-------++-------
Melee: Short sword       |   140 |   147 |   270 |    78 ||   635
 Fire: Hunting sling     |       |       |   134 |    25 ||   159
Throw: Stone             |    27 |    49 |    30 |       ||   106
       Tomahawk          |     3 |    64 |    27 |     2 ||    96
       Throwing net      |     1 |       |       |       ||     1
 Cast: Apportation       |     5 |    27 |    45 |     6 ||    83
       Teleport Other    |       |     1 |     5 |       ||     6
       Portal Projectile |       |       |     6 |       ||     6
Evoke: Wand              |       |     6 |     1 |     3 ||    10
  Use: Scroll            |       |    15 |     5 |     2 ||    22
       Potion            |       |     3 |     1 |       ||     4
 Stab: Sleeping          |     7 |    12 |    20 |     7 ||    46
       Distracted        |       |     1 |     1 |     1 ||     3
       Invisible         |       |       |     3 |       ||     3
  Eat: Pizza             |     1 |       |       |       ||     1
       Fruit             |       |     3 |     4 |       ||     7
       Bread ration      |       |       |     1 |       ||     1
